| TOP OF THE 1ST |
|
Rome Braves batting - Pitching for Milwaukee (NYP) Brewers : LHP Jon Ortiz
|
|
Pitching: LHP Jon Ortiz
|
|
|
Batting: RHB Carlos Livas
|
0-0: Called Strike 0-1: Called Strike 0-2: Foul Ball, location: 2F 0-2: Ball 1-2: Strikes out swinging
|
|
Batting: RHB Gebre-Giorgios Wangondu
|
0-0: Ball 1-0: Ball 2-0: Ground out 6-3 (Groundball, 6, EV 99.4 MPH)
|
|
Batting: RHB Rafael Reyes
|
0-0: Ball 1-0: Ball 2-0: Called Strike 2-1: Ball 3-1: Ground out 4-3 (Groundball, 4M, EV 91.9 MPH)
|
| Top of the 1st over - 0 runs, 0 hits, 0 errors, 0 left on base; Rome 0 - Milwaukee (NYP) 0 |
| BOTTOM OF THE 1ST |
|
Milwaukee (NYP) Brewers batting - Pitching for Rome Braves : RHP Pu-la Yun
|
|
Pitching: RHP Pu-la Yun
|
|
|
Batting: RHB Chris Fruit
|
0-0: Ball 1-0: Ball 2-0: SINGLE (Groundball, 25, EV 68.1 MPH) (infield hit)
|
|
Batting: RHB Xiao-shuang Au
|
0-0: Called Strike 0-1: Called Strike 0-2: Strikes out swinging
|
|
Batting: LHB Tyler Francis
|
0-0: Ball Chris Fruit is caught stealing 2nd base 2-6 1-0: Fly out, F8 (Flyball, 8LXD, EV 104.4 MPH)
|
| Bottom of the 1st over - 0 runs, 1 hit, 0 errors, 0 left on base; Rome 0 - Milwaukee (NYP) 0 |
| TOP OF THE 2ND |
|
Rome Braves batting - Pitching for Milwaukee (NYP) Brewers : LHP Jon Ortiz
|
|
Batting: RHB Dave Pizarro
|
0-0: Swinging Strike 0-1: Ball 1-1: Ball 2-1: Foul Ball, location: 2F 2-2: Ball 3-2: Strikes out swinging
|
|
Batting: RHB Manny Hensley
|
0-0: Ball 1-0: Foul Ball, location: 2F 1-1: Foul Ball, location: 2F 1-2: Foul Ball, location: 2F 1-2: Ground out 3-1 (Groundball, 34, EV 108.1 MPH)
|
|
Batting: RHB Tony Cabrera
|
0-0: Ball 1-0: Fly out, F8 (Flyball, 8RD, EV 93.1 MPH)
|
| Top of the 2nd over - 0 runs, 0 hits, 0 errors, 0 left on base; Rome 0 - Milwaukee (NYP) 0 |
| BOTTOM OF THE 2ND |
|
Milwaukee (NYP) Brewers batting - Pitching for Rome Braves : RHP Pu-la Yun
|
|
Batting: LHB Fumito Sakurai
|
0-0: Ball 1-0: SINGLE (Flyball, 5D, EV 89.4 MPH)
|
|
Batting: SHB Jerry Duffy
|
0-0: Called Strike Fumito Sakurai steals 2nd base 0-1: Ball 1-1: SINGLE (Flyball, 56D, EV 93.8 MPH) - OUT at second base trying to stretch hit. Fumito Sakurai scores
|
|
Batting: LHB Dusty Bryant
|
0-0: Called Strike 0-1: Ball 1-1: Ball 2-1: Foul Ball, location: 2F 2-2: Ball 3-2: Strikes out swinging
|
|
Batting: RHB Tony Beaumond
|
0-0: Ball 1-0: Ground out 5-3 (Groundball, 5L, EV 100.0 MPH)
|
| Bottom of the 2nd over - 1 run, 2 hits, 0 errors, 0 left on base; Rome 0 - Milwaukee (NYP) 1 |
| TOP OF THE 3RD |
|
Rome Braves batting - Pitching for Milwaukee (NYP) Brewers : LHP Jon Ortiz
|
|
Batting: LHB Ivan Castillo
|
0-0: Ground out 3-1 (Groundball, 34, EV 102.5 MPH)
|
|
Batting: RHB Yutaka Yamane
|
0-0: Ball 1-0: Called Strike 1-1: Called Strike 1-2: Ball 2-2: Foul Ball, location: 2F 2-2: Strikes out swinging
|
|
Batting: RHB Roberto Rios
|
0-0: Called Strike 0-1: Swinging Strike 0-2: Strikes out swinging
|
| Top of the 3rd over - 0 runs, 0 hits, 0 errors, 0 left on base; Rome 0 - Milwaukee (NYP) 1 |
| BOTTOM OF THE 3RD |
|
Milwaukee (NYP) Brewers batting - Pitching for Rome Braves : RHP Pu-la Yun
|
|
Batting: LHB Greg Reedy
|
0-0: Foul Ball, location: 2F 0-1: Foul Ball, location: 2F 0-2: Ball 1-2: Foul Ball, location: 2F 1-2: Strikes out looking
|
|
Batting: RHB Lorenzo Diaz
|
0-0: Called Strike 0-1: Fly out, F8 (Flyball, 78S, EV 93.1 MPH)
|
|
Batting: RHB Chris Fruit
|
0-0: Ball 1-0: Fly out, F8 (Line Drive, 8RM, EV 86.9 MPH)
|
| Bottom of the 3rd over - 0 runs, 0 hits, 0 errors, 0 left on base; Rome 0 - Milwaukee (NYP) 1 |
| TOP OF THE 4TH |
|
Rome Braves batting - Pitching for Milwaukee (NYP) Brewers : LHP Jon Ortiz
|
|
Batting: RHB Carlos Livas
|
0-0: Called Strike 0-1: Called Strike 0-2: SINGLE (Groundball, 56, EV 98.8 MPH)
|
|
Batting: RHB Gebre-Giorgios Wangondu
|
0-0: Foul Ball, location: 2F 0-1: Called Strike 0-2: Strikes out swinging
|
|
Batting: RHB Rafael Reyes
|
0-0: Ball Carlos Livas steals 2nd base 1-0: Called Strike 1-1: Ball 2-1: Ball 3-1: Called Strike 3-2: Ground out 6-3 (Groundball, 6, EV 87.5 MPH) Carlos Livas to third
|
|
Batting: RHB Dave Pizarro
|
0-0: Fly out, F8 (Flyball, 8RM, EV 95.0 MPH)
|
| Top of the 4th over - 0 runs, 1 hit, 0 errors, 1 left on base; Rome 0 - Milwaukee (NYP) 1 |
| BOTTOM OF THE 4TH |
|
Milwaukee (NYP) Brewers batting - Pitching for Rome Braves : RHP Pu-la Yun
|
|
Batting: RHB Xiao-shuang Au
|
0-0: Foul Ball, location: 2F 0-1: Called Strike 0-2: Ball 1-2: Ball 2-2: Foul Ball, location: 2F 2-2: Strikes out looking
|
|
Batting: LHB Tyler Francis
|
0-0: Called Strike 0-1: Fly out, F8 (Flyball, 8RS, EV 88.8 MPH)
|
|
Batting: LHB Fumito Sakurai
|
0-0: Ball 1-0: Ball 2-0: Ground out 4-3 (Groundball, 4, EV 89.4 MPH)
|
| Bottom of the 4th over - 0 runs, 0 hits, 0 errors, 0 left on base; Rome 0 - Milwaukee (NYP) 1 |
| TOP OF THE 5TH |
|
Rome Braves batting - Pitching for Milwaukee (NYP) Brewers : LHP Jon Ortiz
|
|
Batting: RHB Manny Hensley
|
0-0: Ball 1-0: Ball 2-0: Ball 3-0: Base on Balls
|
|
Batting: RHB Tony Cabrera
|
0-0: Ball 1-0: Ball 2-0: Ball 3-0: Base on Balls Manny Hensley to second
|
|
Batting: LHB Ivan Castillo
|
0-0: Ball 1-0: Swinging Strike 1-1: Swinging Strike 1-2: Strikes out swinging
|
|
Batting: RHB Yutaka Yamane
|
0-0: Called Strike 0-1: Ball 1-1: Foul Ball, location: 2F 1-2: Ground out U3 (Groundball, 3S, EV 83.1 MPH) Manny Hensley to third Tony Cabrera to second
|
|
Batting: RHB Roberto Rios
|
0-0: Called Strike 0-1: Ball 1-1: Swinging Strike 1-2: Strikes out looking
|
| Top of the 5th over - 0 runs, 0 hits, 0 errors, 2 left on base; Rome 0 - Milwaukee (NYP) 1 |
| BOTTOM OF THE 5TH |
|
Milwaukee (NYP) Brewers batting - Pitching for Rome Braves : RHP Pu-la Yun
|
|
Batting: SHB Jerry Duffy
|
0-0: Ball 1-0: Swinging Strike 1-1: Ball 2-1: Foul Ball, location: 2F 2-2: Foul Ball, location: 2F 2-2: Foul Ball, location: 2F 2-2: Ball 3-2: Foul Ball, location: 2F 3-2: SINGLE (Flyball, 9LS, EV 91.9 MPH)
|
|
Batting: LHB Dusty Bryant
|
0-0: 2-RUN HOME RUN (Flyball, 9LD, EV 92.5 MPH), Distance : 333 ft
|
|
Batting: RHB Tony Beaumond
|
0-0: Ball 1-0: Ball 2-0: Ball 3-0: Base on Balls
|
|
Batting: LHB Greg Reedy
|
0-0: Foul Ball, location: 2F 0-1: Called Strike 0-2: Ball Tony Beaumond steals 2nd base 1-2: Ball Passed Ball! Tony Beaumond to third 2-2: Strikes out swinging
|
|
Batting: RHB Lorenzo Diaz
|
0-0: Ball 1-0: Ball 2-0: Called Strike 2-1: Foul Ball, location: 2F 2-2: Foul Ball, location: 2F 2-2: Ground out 1-3 (Groundball, 34S, EV 68.1 MPH)
|
|
Batting: RHB Chris Fruit
|
0-0: Called Strike 0-1: Ball 1-1: Ball Wild Pitch! Tony Beaumond scores 2-1: Foul Ball, location: 2F 2-2: Strikes out swinging
|
| Bottom of the 5th over - 3 runs, 2 hits, 0 errors, 0 left on base; Rome 0 - Milwaukee (NYP) 4 |
| TOP OF THE 6TH |
|
Rome Braves batting - Pitching for Milwaukee (NYP) Brewers : LHP Jon Ortiz
|
|
Batting: RHB Carlos Livas
|
0-0: Foul Ball, location: 2F 0-1: Ground out 5-3 (Groundball, 56S, EV 80.0 MPH)
|
|
Batting: RHB Gebre-Giorgios Wangondu
|
0-0: Ball 1-0: Ball 2-0: Swinging Strike 2-1: Foul Ball, location: 2F 2-2: Foul Ball, location: 2F 2-2: Ball 3-2: Foul Ball, location: 2F 3-2: Fly out, F8 (Flyball, 8LD, EV 78.1 MPH)
|
|
Batting: RHB Rafael Reyes
|
0-0: Ball 1-0: Called Strike 1-1: Ball 2-1: Ball 3-1: Base on Balls
|
|
Pitching: RHP Dustin Pryor
|
|
|
Batting: RHB Dave Pizarro
|
0-0: Ball Rafael Reyes is caught stealing 2nd base 2-4
|
| Top of the 6th over - 0 runs, 0 hits, 0 errors, 0 left on base; Rome 0 - Milwaukee (NYP) 4 |
| BOTTOM OF THE 6TH |
|
Milwaukee (NYP) Brewers batting - Pitching for Rome Braves : RHP Pu-la Yun
|
|
Batting: RHB Xiao-shuang Au
|
0-0: Called Strike 0-1: Fly out, F9 (Flyball, 9LS, EV 93.1 MPH)
|
|
Batting: LHB Tyler Francis
|
0-0: Called Strike 0-1: SOLO HOME RUN (Flyball, 9LD, EV 95.6 MPH), Distance : 347 ft
|
|
Batting: LHB Fumito Sakurai
|
0-0: Ball 1-0: Ball 2-0: Called Strike 2-1: Ground out 4-3 (Groundball, 4, EV 103.1 MPH)
|
|
Batting: SHB Jerry Duffy
|
0-0: SINGLE (Groundball, 6S, EV 66.9 MPH) (infield hit)
|
|
Pitching: RHP Jose Clemente
|
|
|
Batting: LHB Dusty Bryant
|
0-0: Foul Ball, location: 2F 0-1: Ball 1-1: Ball 2-1: Ball 3-1: Called Strike 3-2: Base on Balls Jerry Duffy to second
|
|
Batting: RHB Tony Beaumond
|
0-0: Fly out, F8 (Flyball, 89M, EV 88.1 MPH)
|
| Bottom of the 6th over - 1 run, 2 hits, 0 errors, 2 left on base; Rome 0 - Milwaukee (NYP) 5 |
| TOP OF THE 7TH |
|
Rome Braves batting - Pitching for Milwaukee (NYP) Brewers : RHP Dustin Pryor
|
|
Batting: RHB Dave Pizarro
|
0-0: Ball 1-0: Swinging Strike 1-1: Foul Ball, location: 2F 1-2: Ball 2-2: Ball 3-2: Foul Ball, location: 2F 3-2: Base on Balls
|
|
Batting: RHB Manny Hensley
|
0-0: Called Strike 0-1: Ball 1-1: SINGLE (Line Drive, 7LS, EV 106.9 MPH) Dave Pizarro to second Runner from 2nd tries for 3rd, SAFE, throw by LF made to third
|
|
Batting: RHB Tony Cabrera
|
0-0: Ball 1-0: Ball 2-0: Called Strike 2-1: Foul Ball, location: 2F 2-2: Ball 3-2: Base on Balls Manny Hensley to second
|
|
Batting: LHB Ivan Castillo
|
0-0: Ball 1-0: Ball 2-0: Called Strike 2-1: Fly out, F9 (Line Drive, 9, EV 97.5 MPH) Runner from 3rd tags up, SCORES, no throw by RF
|
|
Pinch Hitting: LHB Mitsujiro Tanaka
|
0-0: Foul Ball, location: 2F 0-1: Foul Ball, location: 2F 0-2: TRIPLE (Flyball, 78XD, EV 107.5 MPH) Manny Hensley scores Tony Cabrera scores
|
|
Batting: RHB Roberto Rios
|
0-0: Ball 1-0: Ball 2-0: Called Strike 2-1: Swinging Strike 2-2: Ball 3-2: Strikes out looking
|
|
Batting: RHB Carlos Livas
|
0-0: Ball 1-0: Swinging Strike 1-1: Ball 2-1: Called Strike 2-2: Foul Ball, location: 2F 2-2: Ball 3-2: Foul Ball, location: 2F 3-2: Fly out, F9 (Flyball, 89S, EV 92.5 MPH)
|
| Top of the 7th over - 3 runs, 2 hits, 0 errors, 1 left on base; Rome 3 - Milwaukee (NYP) 5 |
| BOTTOM OF THE 7TH |
|
Milwaukee (NYP) Brewers batting - Pitching for Rome Braves : RHP Jose Clemente
|
|
Now in CF: Gebre-Giorgios Wangondu
|
|
|
Now in RF: Mitsujiro Tanaka
|
|
|
Batting: LHB Greg Reedy
|
0-0: Foul Ball, location: 2F 0-1: Ball 1-1: Called Strike 1-2: Strikes out swinging
|
|
Batting: RHB Lorenzo Diaz
|
0-0: Called Strike 0-1: Called Strike 0-2: Strikes out swinging
|
|
Batting: RHB Chris Fruit
|
0-0: Called Strike 0-1: Foul Ball, location: 2F 0-2: SINGLE (Flyball, 7S, EV 85.6 MPH)
|
|
Batting: RHB Xiao-shuang Au
|
0-0: Called Strike 0-1: Ground out 4-3 (Groundball, 34, EV 100.6 MPH)
|
| Bottom of the 7th over - 0 runs, 1 hit, 0 errors, 1 left on base; Rome 3 - Milwaukee (NYP) 5 |
| TOP OF THE 8TH |
|
Rome Braves batting - Pitching for Milwaukee (NYP) Brewers : RHP Dustin Pryor
|
|
Pitching: RHP Allen Gans
|
|
|
Batting: RHB Gebre-Giorgios Wangondu
|
0-0: Called Strike 0-1: Called Strike 0-2: Foul Ball, location: 2F 0-2: Ball 1-2: SINGLE (Groundball, 6D, EV 106.9 MPH)
|
|
Pinch Hitting: LHB Shigeru Ono
|
0-0: Called Strike 0-1: Ball 1-1: Ball 2-1: Grounds into double play, 6-4-3 (Groundball, 6, EV 81.9 MPH)
|
|
Pinch Hitting: LHB Adam Hairston
|
0-0: Ball 1-0: Foul Ball, location: 2F 1-1: Swinging Strike 1-2: Ball 2-2: Foul Ball, location: 2F 2-2: Ball 3-2: Foul Ball, location: 2F 3-2: Foul Ball, location: 2F 3-2: Base on Balls
|
|
Batting: RHB Manny Hensley
|
0-0: Ball 1-0: Called Strike 1-1: Called Strike 1-2: Strikes out looking
|
| Top of the 8th over - 0 runs, 1 hit, 0 errors, 1 left on base; Rome 3 - Milwaukee (NYP) 5 |
| BOTTOM OF THE 8TH |
|
Milwaukee (NYP) Brewers batting - Pitching for Rome Braves : RHP Jose Clemente
|
|
Now at 1B: Adam Hairston
|
|
|
Now at 2B: Manny Hensley
|
|
|
Now in LF: Mitsujiro Tanaka
|
|
|
Now in RF: Shigeru Ono
|
|
|
Batting: LHB Tyler Francis
|
0-0: Called Strike 0-1: Ball 1-1: Called Strike 1-2: Fly out, F7 (Flyball, 7S, EV 95.0 MPH)
|
|
Batting: LHB Fumito Sakurai
|
0-0: Ground out U3 (Groundball, 3L, EV 80.0 MPH)
|
|
Batting: SHB Jerry Duffy
|
0-0: Swinging Strike 0-1: Ball 1-1: Ball 2-1: Foul Ball, location: 2F 2-2: Ground out 5-3 (Groundball, 15, EV 81.2 MPH)
|
| Bottom of the 8th over - 0 runs, 0 hits, 0 errors, 0 left on base; Rome 3 - Milwaukee (NYP) 5 |
| TOP OF THE 9TH |
|
Rome Braves batting - Pitching for Milwaukee (NYP) Brewers : RHP Allen Gans
|
|
Batting: RHB Tony Cabrera
|
0-0: Called Strike 0-1: Foul Ball, location: 2F 0-2: Ball 1-2: Ball 2-2: Ball 3-2: Strikes out looking
|
|
Batting: LHB Ivan Castillo
|
0-0: Ball 1-0: Ground out 1-3 (Groundball, P, EV 68.8 MPH)
|
|
Batting: LHB Mitsujiro Tanaka
|
0-0: Ball 1-0: Ball 2-0: Foul Ball, location: 2F 2-1: Swinging Strike 2-2: Foul Ball, location: 2F 2-2: Strikes out swinging
|
| Top of the 9th over - 0 runs, 0 hits, 0 errors, 0 left on base; Rome 3 - Milwaukee (NYP) 5 |
|